AoeStats
← magicOLIVER+

Oasis

509225156Analyzed
3v3 RM · 6d ago on Sep 26, 2026· 46m 47s· 6 players
Game mode
Random Map
Map size
Normal (6 player)
Population
200
Speed
Normal
Resources
Standard
Victory
Conquest
Starting age
Dark Age
Ending age
Imperial Age
RankedLock teamsTeams togetherTeam positionsShared explorationLock speedFull tech treeHidden civsTurbo modeCheats
Victory
Defeat
🇸🇪 Japanese · Sweden
924
+12
🇸🇪 Georgians · Sweden
920
+12
🇸🇪 Britons · Sweden
911
+12
🇦🇷 Teutons · Argentina
830
-12
🇺🇸 Huns · United States
821
-24
🇺🇾 Danes · Uruguay
820
-32
artz8888
2:40 Loom
13:14 Feudal Age
16:47 Double-Bit Axe
21:39 Castle Age
23:06 Bloodlines
22:54 Gold Mining
23:58 Scale Barding Armor
25:07 Forging
31:45 Bow Saw
34:27 Thumb Ring
34:46 Fletching
38:47 Chain Barding Armor
45:44 Imperial Age
44:22 Pikeman
Deivii
8:58 Loom
11:17 Feudal Age
13:38 Wheelbarrow
13:13 Double-Bit Axe
15:25 Town Watch
16:27 Gold Mining
16:42 Horse Collar
23:11 Castle Age
23:54 Forging
24:34 Stone Mining
25:16 Gambesons
25:33 Squires
27:15 Heavy Plow
28:03 Murder Holes
28:22 Fletching
31:54 Arson
32:34 Masonry
34:42 Husbandry
37:55 Bow Saw
38:13 Bloodlines
43:05 Stone Shaft Mining
43:09 Gold Shaft Mining
44:22 Hand Cart
STOOGES19697454
10:45 Loom
12:31 Feudal Age
10:51 Loom
14:59 Horse Collar
15:06 Double-Bit Axe
17:00 Gold Mining
21:06 Castle Age
21:23 Stone Mining
23:49 Wheelbarrow
23:04 Man-at-Arms
25:08 Bow Saw
26:23 Hand Cart
34:06 Ironclad
36:10 Forging
36:01 Scale Mail Armor
36:11 Scale Mail Armor
37:59 Iron Casting
41:20 Imperial Age
42:10 Pikeman
43:16 Squires
42:55 Halberdier
44:57 Conscription
magicOLIVER+
9:52 Feudal Age
11:24 Double-Bit Axe
12:19 Horse Collar
13:04 Man-at-Arms
21:47 Castle Age
22:16 Stone Mining
22:20 Gold Mining
23:21 Heavy Plow
23:33 Bow Saw
25:25 Scale Mail Armor
26:54 Forging
27:48 Pikeman
30:39 Wheelbarrow
31:04 Squires
30:50 Arson
38:26 Imperial Age
36:46 Murder Holes
37:14 Ballistics
36:53 Elite Skirmisher
40:10 Conscription
43:25 Two-Man Saw
42:17 Loom
42:47 Hand Cart
42:18 Town Watch
44:20 Caravan
Rejmoj
11:28 Feudal Age
17:50 Castle Age
16:31 Double-Bit Axe
16:29 Horse Collar
17:55 Fletching
22:23 Heavy Plow
22:53 Crossbowman
23:43 Padded Archer Armor
24:29 Bodkin Arrow
25:25 Ballistics
28:08 Wheelbarrow
28:05 Gold Mining
28:06 Stone Mining
28:31 Bow Saw
29:56 Leather Archer Armor
30:28 Gold Shaft Mining
36:01 Imperial Age
33:47 Hand Cart
35:19 Yeomen
35:02 Murder Holes
35:18 Fortified Wall
36:28 Elite Longbowman
37:41 Conscription
38:05 Bracer
38:20 Arbalester
40:13 Capped Ram
43:02 Two-Man Saw
44:11 Onager
45:54 Chemistry
45:01 Siege Engineers
Peadar Pàrcair
10:50 Feudal Age
11:23 Double-Bit Axe
17:52 Castle Age
19:28 Husbandry
20:38 Bloodlines
23:38 Gold Mining
24:17 Scale Barding Armor
26:33 Wheelbarrow
27:13 Horse Collar
32:44 Imperial Age
30:47 Heavy Plow
31:24 Chain Barding Armor
31:54 Forging
31:48 Caravan
32:06 Bow Saw
31:46 Stone Mining
32:47 Elite Monaspa
33:47 Conscription
35:47 Plate Barding Armor
35:48 Iron Casting
37:42 Hand Cart
38:43 Blast Furnace
38:32 Fletching
40:08 Aznauri Cavalry
Connection lost

Rejoining the realm…

Still unreachable

The connection could not be restored.

Session expired

The server has moved on; the page needs a fresh start.